 Dungeon Crawl Stone Soup version 0.21-a0-221-gfe971b9 (console) character file.

42 Duffy the Scratcher (level 3, 0/18 HPs)
             Began as a Felid Chaos Knight on Aug 27, 2017.
             Slain by a quokka (2 damage)
             ... on level 2 of the Dungeon.
             The game lasted 00:03:53 (2336 turns).

Duffy the Scratcher (Felid Chaos Knight)            Turns: 2336, Time: 00:03:54

Health: 0/18       AC:  1    Str:  8    XL:     3   Next: 35%
Magic:  4/4        EV: 19    Int: 13    God:    Xom [..*...]
Gold:   24         SH:  0    Dex: 16    Spells: 2/2 levels left
                                        Lives:  0   Deaths: 1

rFire    . . .     SeeInvis +     - Unarmed
rCold    . . .     Gourm    .   (shield unavailable)
rNeg     . . .     Faith    .   (armour unavailable)
rPois    .         Spirit   .   (helmet unavailable)
rElec    .         Reflect  .   (cloak unavailable)
rCorr    .         Harm     .   (gloves unavailable)
MR       .....                  (boots unavailable)
Stlth    ++++......             (no amulet)
HPRegen  0.06/turn              b - ring of stealth
MPRegen  0.09/turn              (no ring)

@: slowed, slow
A: no armour, no weapons or thrown items, stealth, claws 1, fangs 3, see
invisible, carnivore 3, speed 1, shaggy fur 1, slow metabolism 1, sharp paws
a: Renounce Religion


You were on level 2 of the Dungeon.
You worshipped Xom.
You were a toy of Xom.
You were completely stuffed.

You visited 1 branch of the dungeon, and saw 3 of its levels.

You collected 24 gold pieces.

Inventory:

Jewellery
 b - a ring of stealth (left paw)
Scrolls
 f - 2 scrolls of magic mapping
 h - a scroll of remove curse {unknown}
Potions
 d - 2 potions of brilliance
 e - a potion of flight {unknown}
Comestibles
 a - a meat ration
 c - a royal jelly
 g - 3 chunks of flesh


   Skills:
 + Level 3.7 Fighting
 + Level 3.7 Dodging
 + Level 2.3 Stealth
 * Level 4.0 Unarmed Combat


You had 2 spell levels left.
You didn't know any spells.

Dungeon Overview and Level Annotations

Branches:
Dungeon (3/15)

Altars:
Wu Jian

Annotations:
D:2 Natasha
D:3 Ijyb


Innate Abilities, Weirdness & Mutations

You cannot wear armour.
You are incapable of wielding weapons or throwing items.
Your paws allow you to move quietly. (Stealth)
You have sharp claws.
You have razor-sharp teeth.
You have supernaturally acute eyesight. (SInv)
You are carnivorous and can eat meat at any time.
You cover ground quickly.
You are covered in fur. (AC +1)
You have a slow metabolism.
Your sharp claws are effective at attacking unaware monsters.


Message History

You are too injured to fight recklessly!
You are too injured to fight recklessly!
You are too injured to fight recklessly!
You are too injured to fight recklessly!
You are too injured to fight recklessly!
You completely miss Natasha.
Natasha is severely wounded.
The quokka bites you.
Natasha wildly gestures.
You feel troubled. Natasha claws you.
You barely miss Natasha.
Natasha is severely wounded.
The quokka completely misses you. Natasha closely misses you.
The quokka barely misses you.
You scratch Natasha.
Natasha is almost dead.
Natasha extends her claws.
Natasha closely misses you. The quokka bites you.
You die...

#.#####.###.## ##.## #.#
#.......# #.# #...# #.# ####.####
#.# ###.#.#** #.###
.......####.######...#...* #.##.
........[[.........#####.# #....
#####[..###.#####....#,,.#***###.
#...# #.# #.##.#.#,.,,..... #...#
#.# ###h##...#*##*####. #...#
#.###.@r..#### *** #. #...#
#...#.....###****,** #. #...#
#...r.........,,,,,* #.
#####...###...#.....####***,** ##
........>....##..?..# *,*
######..###.#####.### *.#
#.......# #.# #<# #.# #.####.##
#.# #.# #.# # #.# #.# #.# ##.##
####.# #


You could see Natasha, a quokka and a rat.

Vanquished Creatures
  Jessica (D:2)
  An ooze (D:2)
  3 worms
  A leopard gecko (D:1)
  8 bats
  3 giant cockroaches
  7 hobgoblins
  5 jackals
  2 kobolds (D:1)
  5 frilled lizards
  7 goblins
  10 rats
53 creatures vanquished.

Notes
Turn   | Place    | Note
-------+----------+-------------------------------------------
     0 | D:1      | Duffy the Felid Chaos Knight began the quest for the Orb.
     0 | D:1      | Reached XP level 1. HP: 10/10 MP: 2/2
   142 | D:1      | Reached skill level 1 in Stealth
   142 | D:1      | Reached XP level 2. HP: 8/14 MP: 3/3
   186 | D:1      | XOM: silly message
   360 | D:1      | XOM: butterfly on damage
   412 | D:1      | XOM: mild Air miscast
   550 | D:1      | XOM: mild Tmut miscast
   943 | D:2      | Noticed Natasha
   948 | D:2      | Noticed a crimson imp
   948 | D:2      | Noticed a crimson imp
  1106 | D:2      | Reached XP level 3. HP: 17/17 MP: 4/4
  1227 | D:2      | Found an ornate altar of the Wu Jian Council.
  1269 | D:3      | Noticed Ijyb
  1700 | D:1      | XOM: divination: detect items
  2050 | D:2      | Noticed Jessica
  2057 | D:2      | Killed Jessica
  2057 | D:2      | Reached XP level 4. HP: 22/22 MP: 5/5
  2067 | D:2      | Reached skill level 4 in Unarmed Combat
  2083 | D:2      | XOM: divination: magic mapping
  2088 | D:2      | XOM: divination: detect items
  2198 | D:2      | HP: 1/22 [quokka (2)]
  2211 | D:2      | Slain by a quokka
  2212 | D:2      | Reached XP level 3. HP: -2/18 MP: 4/4
  2333 | D:2      | XOM: harmless Air miscast
  2336 | D:2      | Slain by a quokka

Vault maps used:
D:1:      eino_arrival_cavern_a
D:2:      nicolae_overflow_crystal_walls, uniq_jessica, uniq_natasha
D:3:      zin_angel, nicolae_qazlal_general_emergency, uniq_crazy_yiuf_cottage,
          uniq_ijyb, uniq_grinder

Skill      XL: |  1  2  3  4 |
---------------+-------------+-----
Stealth        | 1 2 |  2.3
Unarmed Combat | 4 |  4.0
Fighting       | |  3.7
Dodging        | |  3.7

Action                   |  1- 3 |  4- 6 || total
-------------------------+-------+-------++-------
Melee: Unarmed           |   162 |    26 ||   188
       Bite              |     9 |       ||     9
       Punch             |     3 |       ||     3
  Use: Scroll            |     5 |       ||     5
 Stab: Sleeping          |     8 |       ||     8
       Distracted        |     1 |       ||     1
  Eat: Chunk             |    16 |       ||    16
Armor: Skin              |    12 |       ||    12
Dodge: Dodged            |   148 |    38 ||   186

Table legend:
 A = Spawn XP
 B = Non-spawn XP
 C = Spawn XP percentage of total XP
 D = Spawn monster count
 E = Non-spawn monster count
 F = Spawn count percentage of total count
 G = Total turns spent on level
                    A         B        C        D         E        F      G
               +---------+---------+-------+---------+---------+-------+---------
         Total |      14 |     119 |  10.5 |       9 |      44 |  17.0 |  2336
               +---------+---------+-------+---------+---------+-------+---------
           D:1 |      10 |      41 |  19.6 |       7 |      26 |  21.2 |  1393
           D:2 |       4 |      77 |   4.9 |       2 |      17 |  10.5 |   754
           D:3 |       0 |       1 |   0.0 |       0 |       1 |   0.0 |   189
               +---------+---------+-------+---------+---------+-------+---------
